 Seeded DCSS version 0.28.0-62-gf88900778d (webtiles) character file.

Game seed: 13591998346360536447 (custom seed)

42906 Psyclone the Eclecticist (level 13, 0/94 HPs)
             Began as a Deep Elf Conjurer on Oct 21, 2023.
             Was an Initiate of Gozag.
             Killed from afar by a deep elf knight (29 damage)
             ... with a shard of ice
             ... on level 14 of the Dungeon.
             The game lasted 00:42:13 (19018 turns).

Psyclone the Eclecticist (Deep Elf Conjurer)       Turns: 19018, Time: 00:42:14

Health: 0/94       AC: 18    Str:  8    XL:     13   Next: 88%
Magic:  3/34       EV: 18    Int: 47    God:    Gozag
Gold:   1504       SH:  5    Dex: 13    Spells: 25/42 levels left

rFire   + . .      SeeInvis .   a - +3 Elemental Staff {rElec rF++ rC++ AC+5}
rCold   + + .      Faith    .   (no shield)
rNeg    . . .      Spirit   .   m - +0 robe
rPois   +          Reflect  +   D - +1 hat
rElec   +          Harm     .   e - +2 cloak of the Hidden Vale {rPois rF- Str+2 Int+8}
rCorr   .          Rampage  .   k - +0 pair of gloves
Will    +....      Archmagi +   (no boots)
Stlth   ++........              h - amulet of reflection
HPRegen 0.25/turn               q - ring of Dishonour {AC+4 Int+8}
MPRegen 0.24/turn               R - ring of the Mage {Wiz Archmagi}

@: gold aura, studying 4 skills
A: iridescent scales 1, clever 1, robust 1, strong 1, wild magic 1
a: Renounce Religion, Potion Petition, Call Merchant, Bribe Branch


You were on level 14 of the Dungeon.
You worshipped Gozag.
Gozag was most pleased with you.
You visited 2 branches of the dungeon, and saw 15 of its levels.

You collected 10160 gold pieces.
You spent 3543 gold pieces at shops.
You paid 5113 gold pieces to Gozag.

Inventory:

Hand Weapons
 a - the +3 Elemental Staff (weapon) {rElec rF++ rC++ AC+5}
   (You acquired it on level 9 of the Dungeon)

   If the wielder is skilled in Evocations, they can discharge powerful blasts
   of elemental energy when striking with it.
   It enhances your fire, ice, earth and air magic.
   AC:        It affects your AC (+5).
   rF:        It greatly protects you from fire.
   rC:        It greatly protects you from cold.
   rElec:     It insulates you from electricity.
 b - a +0 dagger
 N - the +8 storm bow {elec, penet}
   (You found it on level 9 of the Dungeon)

   Any ammunition fired from it occasionally discharges a powerful burst of
   electricity upon striking a foe.
   Any ammunition fired by it passes through the targets it hits, potentially
   hitting all targets in its path until it reaches maximum range.
Missiles
 H - a throwing net {!f}
 O - 452 arrows
Armour
 e - the +2 cloak of the Hidden Vale (worn) {rPois rF- Str+2 Int+8}
   (You acquired it on level 4 of the Dungeon)

   Str:       It affects your strength (+2).
   Int:       It affects your intelligence (+8).
   rF:        It makes you vulnerable to fire.
   rPois:     It protects you from poison.
 k - a +0 pair of gloves (worn)
 m - a +0 robe (worn)
 D - a +1 hat (worn)
Jewellery
 h - an amulet of reflection (around neck)
 q - the ring of Dishonour (left hand) {AC+4 Int+8}
   (You acquired it on level 11 of the Dungeon)

   [ring of protection]

   AC:        It affects your AC (+4).
   Int:       It affects your intelligence (+8).
 R - the ring of the Mage (right hand) {Wiz Archmagi}
   (You bought it in a shop on level 11 of the Dungeon)

   [ring of wizardry]

   It improves your spell success rate.
   Archmagi:  It increases the power of your magical spells.
Wands
 c - a wand of mindburst (17)
 g - a wand of flame (48)
 j - a wand of iceblast (10)
 l - a wand of paralysis (9)
 C - a wand of polymorph (8)
 E - a wand of charming (30)
Scrolls
 d - 12 scrolls of identify {@r1}
 n - a scroll of immolation {unknown}
 p - 4 scrolls of amnesia {unknown}
 r - 2 scrolls of fog {unknown}
 s - a scroll of holy word {unknown}
 t - 7 scrolls of teleportation {unknown}
 v - 2 scrolls of summoning {unknown}
 x - 3 scrolls of vulnerability {unknown}
 y - a scroll of enchant armour {unknown}
 A - 2 scrolls of torment
 F - a scroll of noise {unknown}
 K - a scroll of blinking
Potions
 f - 2 potions of ambrosia {unknown}
 i - 4 potions of curing {unknown}
 o - 2 potions of mutation
 u - 4 potions of haste
 w - a potion of flight {unknown}
 z - a potion of heal wounds
 B - 4 potions of lignification {unknown}
 G - 2 potions of attraction {unknown}
 I - 2 potions of brilliance {unknown}
 L - 3 potions of might {unknown}
 M - 2 potions of cancellation {unknown}


   Skills:
 - Level 12.0 Fighting
 + Level 13.7 Dodging
 - Level 2.4 Stealth
 - Level 15.0 Spellcasting
 - Level 15.0 Conjurations
 - Level 6.0 Hexes
 - Level 9.0 Poison Magic


You had 25 spell levels left.
You knew the following spells:

 Your Spells              Type           Power      Damage    Failure   Level
a - Magic Dart            Conj           100%       1d8       1%          1
b - Searing Ray           Conj           100%       2d8       1%          2
d - Fulminant Prism       Conj/Hex       65%        3d28      1%          4
e - Iskenderun's Mystic   Conj/Tloc      100%       2d19      1%          4
v - Poisonous Vapours     Pois/Air       100%       N/A       1%          2
x - Olgreb's Toxic Radia  Pois           100%       N/A       1%          4

Your spell library contained the following spells:

 Spells                   Type           Power      Damage    Failure   Level
 Animate Skeleton         Necr           100%       N/A       1%          1
 Foxfire                  Conj/Fire      100%       2x1d9     1%          1
 Pain                     Necr           100%       1d9       1%          1
 Sting                    Tmut/Pois      100%       1d8       1%          1
 Static Discharge         Conj/Air       100%       N/A       1%          2
 Sublimation of Blood     Necr           62%        N/A       1%          2
 Wereblood                Tmut           62%        N/A       1%          2
 Conjure Flame            Conj/Fire      100%       6-21      1%          3
 Dazzling Flash           Conj/Hex       100%       N/A       1%          3
 Inner Flame              Hex/Fire       100%       N/A       1%          3
 Ozocubu's Armour         Ice            80%        N/A       1%          3
 Vampiric Draining        Necr           62%        2d10      1%          3
 Flame Wave               Conj/Fire      100%       2d17      1%          4
 Sticky Flame             Conj/Fire      100%       2d11      1%          4
 Irradiate                Conj/Tmut      58%        3d33      1%          5
 Dispel Undead            Necr           62%        3d22      4%          4
 Petrify                  Tmut/Erth      80%        N/A       4%          4
 Ozocubu's Refrigeration  Ice            40%        4d13      92%         7
 Summon Hydra             Summ           31%        N/A       92%         7


Dungeon Overview and Level Annotations

Branches:
Dungeon (14/15)            Temple (1/1) D:6            Lair (0/6) D:8
    Orc (0/2) D:10         Vaults (0/5) D:13

Altars:
Ashenzari
Cheibriados
Dithmenos
Elyvilon
Fedhas
Gozag
Hepliaklqana
Kikubaaqudgha
Makhleb
Nemelex Xobeh
Okawaru
Qazlal
Ru
Sif Muna
Trog
Uskayaw
Vehumet
Wu Jian
Xom
Yredelemnul
Zin
The Shining One

Shops:
D:8 *   D:11 ::=:*=


Innate Abilities, Weirdness & Mutations

You are partially covered in iridescent scales. (AC +2)
Your mind is acute. (Int +2)
You are robust. (+10% HP)
Your muscles are strong. (Str +2)
Your spells are a little harder to cast, but a little more powerful.


Message History

* * * LOW HITPOINT WARNING * * *
You take 24 damage, and have 22/94 hp.
MASSIVE DAMAGE!!
The centaur warrior shoots an arrow.
The arrow hits you!
* * * LOW HITPOINT WARNING * * *
You take 14 damage, and have 8/94 hp.
Blink to where?
Press: ? - help, Dir - move target
As you read the scroll labelled SANNIT FUFEN, it crumbles to dust.
It was a scroll of blinking.
Casting: Fulminant Prism (safe; 1% risk of failure)
Confirm with . or Enter, or press ? or * to list all spells.
Aiming: Fulminant Prism (safe; 1% risk of failure)
Press: ? - help, Dir - move target You feel a surge of power!
You conjure a prism of explosive energy!
A fulminant prism comes into view.
You now have 4/34 mp.
You hear a loud crackle.
You hear an explosion!
You feel a bit more experienced.
You hear two shouts!
Casting: Fulminant Prism (safe; 1% risk of failure)
Confirm with . or Enter, or press ? or * to list all spells.
Aiming: Fulminant Prism (safe; 1% risk of failure)
Press: ? - help, Dir - move target You feel a surge of power!
You conjure a prism of explosive energy!
A fulminant prism comes into view.
You are no longer corroded.
You now have 0/34 mp.
Your fulminant prism crackles loudly.
Your fulminant prism explodes!
Press: ? - help, v - describe, . - travel
Here: a deep elf knight, wielding a +0 long sword and wearing a +0 buckler (fast)
The floor.
It was a potion of heal wounds.
You feel much better.
The deep elf knight gestures at you while chanting.
The shard of ice hits you!! You partially resist.
You die...
Your body crumbles into a pile of gold.

#.#.#######......#.# #
#.#..............#.# #######
..#..#####.......#.# #.....#
..#..............#.#####.###.#
........###........#.......#
#.# ##...####
#.#......###########.# ####
##.#.....[............#
#........##############
#.....@......#.........
##.e######.##.#.######## #..##
#.##.#.#....... .# #..#
#.##.#.#.###### .# #..##
#.##.#.# # c. ## ##..#
#.##.#.# .#.e. #..# #.##.#.#
$$$ #..# #.#....# . #####
##e######.######


You could see a deep elf knight (fast).

Vanquished Creatures
  Kirke (D:13)
  An ironbound preserver (D:13)
  Erolcha (D:13)
  9 boulder beetles
  3 hydras
  2 death knights (D:13)
  6 centaur warriors
  5 two-headed ogres
  Urug (D:13)
  A skeletal warrior (D:13)
  A wizard (D:14)
  7 ugly things (D:14)
  2 cyclopes
  A manticore (D:14)
  A black mamba (shapeshifter) (D:11)
  2 black mambas (D:13)
  A guardian serpent (shapeshifter) (D:13)
  4 gargoyles
  An efreet (D:13)
  A yaktaur (D:12)
  A komodo dragon (D:11)
  2 demonic crawlers (D:13)
  2 unseen horrors (D:13)
  6 trolls
  A hornet (D:9)
  3 slime creatures
  2 centaur simulacra (D:14)
  Sigmund (D:5)
  2 shadows
  2 wyverns (D:8)
  6 wraiths
  A human (D:13)
  20 yaks
  A hog (D:13)
  A human (shapeshifter) (D:9)
  2 steam dragons
  2 basilisks (D:8)
  12 vampire mosquitoes
  Menkaure (D:5)
  Edmund (D:5)
  5 water moccasins
  5 orc warriors
  3 ice beasts
  The ghost of Fos Wory the Chopper, an amateur MiBe of Trog (D:3)
  2 black bears (D:6)
  3 sky beasts
  4 ogres
  10 centaurs
  A kobold brigand (D:10)
  2 bullfrogs
  A wyvern zombie (D:7)
  3 gnoll sergeants
  6 scorpions
  A water moccasin zombie (D:5)
  12 killer bees
  4 vampire bats (D:13)
  8 wights
  5 electric eels
  3 howler monkeys
  A bullfrog zombie (D:5)
  2 centaur zombies
  2 hounds
  2 orc priests
  4 bullfrog skeletons
  2 gnoll shamans
  2 jellies
  5 iguanas
  Ijyb (D:5)
  Natasha (thrice) (D:2)
  2 hell rats (D:13)
  3 orc wizards
  A killer bee zombie (D:7)
  3 hound skeletons
  2 howler monkey zombies
  18 gnolls
  8 adders
  4 river rats (D:13)
  A howler monkey skeleton (D:6)
  A white imp (D:5)
  2 ufetubi
  2 adder skeletons (D:4)
  3 worms
  6 dart slugs
  13 orcs
  9 bats
  9 endoplasms
  8 giant cockroaches
  10 hobgoblins
  5 jackals
  14 kobolds
  3 quokkas
  9 ball pythons
  A frilled lizard (D:2)
  5 goblins
  15 rats
  A spectral hobgoblin (D:4)
  A bush (D:8)
  A fulminant prism (D:9)
383 creatures vanquished.

Vanquished Creatures (others)
  A hog (D:13)
  4 humans (D:13)
  131 fulminant prisms
  3 fungi (D:8)
  8 plants (D:8)
147 creatures vanquished.

Grand Total: 530 creatures vanquished

Notes
Turn   | Place    | Note
-------+----------+-------------------------------------------
     0 | D:1      | Psyclone the Deep Elf Conjurer began the quest for the Orb.
     0 | D:1      | Reached XP level 1. HP: 10/10 MP: 6/6
   178 | D:2      | Reached XP level 2. HP: 15/15 MP: 6/8
   181 | D:2      | Learned a level 2 spell: Searing Ray
   211 | D:2      | Reached skill level 5 in Conjurations
   273 | D:2      | Identified 3 scrolls of acquirement
   286 | D:3      | Found a glowing golden altar of the Shining One.
   337 | D:4      | Acquired the +2 cloak of the Hidden Vale {rPois rF- Str+2
                  | Int+8}
   340 | D:4      | Acquired 1255 gold pieces
   346 | D:4      | Acquired 1352 gold pieces
   357 | D:4      | Acquired 1218 gold pieces
   389 | D:4      | Reached XP level 3. HP: 19/19 MP: 2/9
   420 | D:4      | Gained mutation: You are robust. (+10% HP) [potion of
                  | mutation]
   420 | D:4      | Gained mutation: You have hidden genetic potential. [potion
                  | of mutation]
   420 | D:4      | Gained mutation: Your muscles are strong. (Str +2) [potion
                  | of mutation]
   420 | D:4      | Gained mutation: You are partially covered in iridescent
                  | scales. (AC +2) [potion of mutation]
   523 | D:5      | Entered Level 5 of the Dungeon
   527 | D:5      | Reached XP level 4. HP: 18/26 MP: 4/10
   548 | D:5      | Gained mutation: Your mind is acute. (Int +2) [hidden
                  | potential]
   643 | D:5      | Noticed an ice beast
   648 | D:5      | Killed an ice beast
   649 | D:5      | Reached XP level 5. HP: 30/30 MP: 4/11
   654 | D:5      | Gained mutation: Your spells are a little harder to cast,
                  | but a little more powerful. [hidden potential]
   654 | D:5      | Lost mutation: You have hidden genetic potential. [hidden
                  | potential expressed]
   658 | D:5      | Learned a level 4 spell: Fulminant Prism
   764 | D:5      | Found an opulent altar of Gozag.
   771 | D:5      | Became a worshipper of Gozag Ym Sagoz the Greedy
   831 | D:5      | Noticed a sky beast
   840 | D:5      | Killed a sky beast
   841 | D:5      | Reached XP level 6. HP: 28/35 MP: 4/12
   913 | D:5      | Found an iron altar of Okawaru.
   933 | D:5      | Noticed Menkaure
   937 | D:5      | Killed Menkaure
   938 | D:5      | Reached XP level 7. HP: 24/39 MP: 4/13
  1327 | D:7      | Reached skill level 10 in Conjurations
  1384 | D:9      | Acquired 1237 gold pieces
  1393 | D:9      | Acquired the +3 Elemental Staff {rElec rF++ rC++ AC+5}
  1393 | D:9      | Found the +3 Elemental Staff {rElec rF++ rC++ AC+5}
  1405 | D:9      | Acquired 1172 gold pieces
  1478 | D:10     | Entered Level 10 of the Dungeon
  1751 | D:11     | Found Reiheab's General Store.
  1754 | D:11     | Bought a scroll of acquirement for 624 gold pieces
  1779 | D:11     | Acquired the ring of Dishonour {AC+4 Int+8}
  2490 | D:10     | Reached skill level 5 in Spellcasting
  2739 | D:9      | Reached XP level 8. HP: 45/45 MP: 11/19
  3096 | D:5      | Noticed Sigmund
  3108 | D:5      | Killed Sigmund
  3201 | D:5      | Found a shimmering blue altar of Sif Muna.
  4096 | D:2      | Noticed Natasha
  4099 | D:2      | Killed Natasha
  4187 | D:2      | Found a faded altar of an unknown god.
  4824 | D:2      | Noticed Natasha
  4829 | D:2      | Killed Natasha
  5013 | D:2      | Noticed Natasha
  5016 | D:2      | Killed Natasha
  5050 | D:3      | You fall into a shaft and drop 1 floor!
  5424 | D:4      | Found a hazy altar of Hepliaklqana.
  5640 | D:3      | Found a transporter.
  5644 | D:3      | Reached skill level 10 in Spellcasting
  5664 | D:3      | Noticed Fos Wory's ghost (amateur MiBe)
  5696 | D:3      | Found a transporter.
  5732 | D:3      | Killed Fos Wory's ghost
  6127 | D:3      | Identified the +1 whip of Eternal Harmony {flame, rElec
                  | Int+2}
  6302 | D:5      | Noticed Edmund
  6302 | D:5      | Noticed Ijyb
  6323 | D:5      | Killed Ijyb
  6326 | D:5      | Killed Edmund
  6327 | D:5      | Reached XP level 9. HP: 34/49 MP: 1/26
  7146 | D:5      | Found a stormy altar of Qazlal.
  7238 | D:6      | Learned a level 4 spell: Iskenderun's Mystic Blast
  7369 | D:6      | Found a staircase to the Ecumenical Temple.
  7376 | Temple   | Entered the Ecumenical Temple
  9008 | D:7      | Found an ornate altar of the Wu Jian Council.
  9393 | D:8      | Reached skill level 15 in Spellcasting
  9406 | D:8      | Reached XP level 10. HP: 58/58 MP: 9/31
  9725 | D:8      | Found a staircase to the Lair.
  9762 | D:8      | Reached skill level 5 in Fighting
  9900 | D:8      | Found Kiqy Okk's Assorted Antiques.
  9909 | D:8      | Bought 2 sedimented cyan potions for 50 gold pieces
 10062 | D:8      | Bought a scroll labelled JICAKA SUNO for 28 gold pieces
 10293 | D:8      | Found a bloodstained altar of Trog.
 10665 | D:9      | Found the +8 storm bow {elec, penet}
 11656 | D:10     | Reached XP level 11. HP: 74/74 MP: 27/32
 11772 | D:10     | Found a staircase to the Orcish Mines.
 12032 | D:10     | Noticed a seven-headed hydra
 12034 | D:10     | Noticed a two-headed ogre
 12041 | D:10     | Killed a seven-headed hydra
 12463 | D:10     | Killed a two-headed ogre
 12878 | D:10     | Noticed a boulder beetle
 12937 | D:10     | Killed a boulder beetle
 12938 | D:10     | Reached skill level 10 in Fighting
 13326 | D:11     | Noticed a two-headed ogre
 13346 | D:11     | Killed a two-headed ogre
 13436 | D:11     | Noticed an eight-headed hydra
 13451 | D:11     | Killed an eight-headed hydra
 13496 | D:11     | Noticed a two-headed ogre
 13508 | D:11     | Killed a two-headed ogre
 13657 | D:11     | Bought a manual of Dodging for 1280 gold pieces
 13660 | D:11     | Bought a manual of Conjurations for 800 gold pieces
 13661 | D:11     | Bought the ring of the Mage {Wiz Archmagi} for 561 gold
                  | pieces
 13661 | D:11     | Found the ring of the Mage {Wiz Archmagi}
 13681 | D:11     | Bought a Young Poisoner's Handbook for 200 gold pieces
 13685 | D:11     | Learned a level 2 spell: Poisonous Vapours
 13690 | D:11     | Learned a level 4 spell: Olgreb's Toxic Radiance
 13825 | D:11     | Reached skill level 1 in Poison Magic
 13876 | D:11     | Reached XP level 12. HP: 88/88 MP: 25/33
 14307 | D:12     | Noticed a two-headed ogre
 14308 | D:12     | Noticed a boulder beetle
 14311 | D:12     | Killed a two-headed ogre
 14315 | D:12     | Killed a boulder beetle
 14316 | D:12     | Reached skill level 5 in Poison Magic
 14452 | D:12     | Noticed a two-headed ogre
 14457 | D:12     | Killed a two-headed ogre
 15002 | D:12     | Noticed a four-headed hydra
 15292 | D:13     | Noticed a death knight
 15297 | D:13     | Noticed a boulder beetle
 15300 | D:13     | Killed a death knight
 15306 | D:13     | Killed a boulder beetle
 15538 | D:13     | Noticed Urug
 15542 | D:13     | Killed Urug
 15548 | D:13     | Reached skill level 5 in Hexes
 15561 | D:13     | Noticed a death knight
 15567 | D:13     | Killed a death knight
 15673 | D:13     | Noticed Kirke
 15681 | D:13     | Killed Kirke
 15699 | D:13     | Noticed a boulder beetle
 15700 | D:13     | Noticed a centaur warrior
 15831 | D:13     | Killed a centaur warrior
 16002 | D:13     | Killed a boulder beetle
 16003 | D:13     | Reached skill level 5 in Dodging
 16241 | D:13     | Reached XP level 13. HP: 94/94 MP: 29/34
 16497 | D:13     | Noticed an ironbound preserver
 16633 | D:13     | Killed an ironbound preserver
 16785 | D:13     | Reached skill level 10 in Dodging
 16857 | D:13     | Found a gate to the Vaults.
 17590 | D:13     | Noticed Erolcha
 17599 | D:13     | Killed Erolcha
 18988 | D:14     | Reached skill level 15 in Conjurations
 19018 | D:14     | Killed from afar by a deep elf knight

Illustrated notes

Levels and vault maps discovered:
D:1:      wander_arrival_fairy_ring, layout_basic, chequers_serial_rivers_room_a
D:2:      layout_loops_ring, shapermc_ecumenical_altar_venn, uniq_natasha
D:3:      layout_loops_ring, mainiacjoe_overflow_chevrons,
          gammafunk_ghost_arena, hangedman_glass_teeth
D:4:      layout_basic, nicolae_hepliaklqana_monster_ancestors,
          due_unseen_surprise
D:5:      layout_basic, lemuel_doored_altar, overflow_temple_1_default,
          amethyst_overflow_temple_binary, minmay_manual_mess, uniq_ijyb,
          uniq_edmund, uniq_sigmund, uniq_menkaure
D:6:      layout_layer_cave, minmay_temple_entry_hall
D:7:      layout_basic, nicolae_wu_jian_immortal_techniques
D:8:      layout_rooms, lightli_temple_of_fire, minmay_lair_entry_grove,
          serial_shops, shop
D:9:      layout_cave_pools, grunt_decor_clamped
D:10:     minmay_diamond_stairs, layout_basic
D:11:     layout_gridville, serial_shops, kennysheep_mini_moat
D:12:     layout_loops_corners, lightli_corner_chamber
D:13:     layout_rooms, skrybe_vaults_entry_preservation, fountainhead,
          hangedman_parallel_progression, uniq_kirke, uniq_urug, uniq_erolcha
D:14:     layout_basic, nicolae_wwwww, minmay_pinched_square
Temple:   jpeg_temple_clearing

Skill      XL: |  1  2  3  4  5  6  7  8  9 10 11 12 13 |
---------------+----------------------------------------+-----
Conjurations   | 5 6 7 8 9 10 15 | 15.0
Spellcasting   | 6 11 15 | 15.0
Fighting       | 2 8 11 12 | 12.0
Poison Magic   | 2 9 |  9.0
Hexes          | 6 |  6.0
Dodging        | 6 13 | 13.7
Stealth        | |  2.4

Action                   |  1- 3 |  4- 6 |  7- 9 | 10-12 | 13-15 || total
-------------------------+-------+-------+-------+-------+-------++-------
Melee: Staff             |       |       |     6 |    28 |    12 ||    46
 Cast: Magic Dart        |    16 |     3 |   140 |    26 |     1 ||   186
       Searing Ray       |     5 |     7 |    71 |    20 |     4 ||   107
       Fulminant Prism   |       |       |     9 |    83 |    42 ||   134
       Iskenderun's Myst |       |       |     1 |    44 |    40 ||    85
Invok: Call Merchant     |       |       |     5 |       |       ||     5
  Use: Scroll            |     5 |       |     4 |     1 |     1 ||    11
       Potion            |     1 |       |       |       |     1 ||     2
Armor: Robe              |     1 |     1 |    48 |    67 |    25 ||   142
Dodge: Dodged            |     3 |     3 |    40 |    72 |    68 ||   186
Block: Other             |       |       |    10 |    60 |    20 ||    90
       Reflection        |       |       |       |    11 |     3 ||    14
